 Dungeon Crawl Stone Soup version 0.17-a0-1210-g1e4f09d (webtiles) character file.

6000 Cryogen the Cleaver (level 11, -4/80 HPs)
             Began as a Formicid Fighter on June 3, 2015.
             Was a Believer of Zin.
             Slain by a five-headed hydra (6 damage)
             ... on level 9 of the Dungeon.
             The game lasted 01:12:19 (11022 turns).

Cryogen the Cleaver (Formicid Fighter)             Turns: 11022, Time: 01:12:19

Health: -4/80      AC: 12    Str: 25    XL:     11   Next: 10%
Magic:  8/8        EV: 11    Int: 12    God:    Zin [**....]
Gold:   335        SH: 12    Dex: 12    Spells: 1 memorised, 15 levels left

rFire  + . .     SeeInvis +     a - +0 war axe
rCold  + . .     Clarity  .     g - +2 ring mail {rPois}
rNeg   + + .     SustAt   .     c - +1 shield
rPois  ∞         Gourm    .     (helmet unavailable)
rElec  +         Spirit   .     C - +2 cloak "Dopnoin" {rElec MR+ MP-9 Stlth+}
rCorr  +         Warding  +     (no gloves)
rMut   .         Stasis   +     (no boots)
MR     ++...                    v - amulet of warding
Stlth  +++.......               k - ring of positive energy
                                u - +4 ring of strength

@: vitalised, resistant, very resistant to hostile enchantments, fairly stealthy
A: permanent stasis, dig shafts and tunnels, four strong arms, antennae 3
a: Dig, Shaft Self, Recite, Vitalisation, Renounce Religion


You were on level 9 of the Dungeon.
You worshipped Zin.
Zin was pleased with you.
You were not hungry.

You visited 2 branches of the dungeon, and saw 10 of its levels.

You collected 488 gold pieces.
You spent 105 gold pieces at shops.
You donated 48 gold pieces to Zin.

Inventory:

Hand weapons
 a - a +0 war axe (weapon)
Armour
 c - a +1 shield (worn)
 g - a +2 ring mail of poison resistance (worn)
 C - the +2 cloak "Dopnoin" (worn) {rElec MR+ MP-9 Stlth+}
   (You found it on level 7 of the Dungeon)

   It insulates you from electricity.
   It affects your resistance to hostile enchantments.
   It affects your magic capacity (-9).
   It makes you more stealthy.
Jewellery
 k - a ring of positive energy (right hand)
 t - an uncursed amulet of resist corrosion
 u - a +4 ring of strength (left hand)
 v - an amulet of warding (around neck)
 x - an uncursed ring of ice
Magical devices
 r - a wand of confusion (17)
 y - a wand of fireball (2)
Scrolls
 i - 8 scrolls of identify
Potions
 h - 2 potions of curing
 l - a potion of ambrosia
 n - 2 potions of resistance
Books
 b - a book of Flames

   Spells                             Type                      Level
   a - Flame Tongue                   Conjuration/Fire             1
   b - Throw Flame                    Conjuration/Fire             2
   c - Conjure Flame                  Conjuration/Fire             3
   d - Inner Flame                    Hexes/Fire                   3
   e - Sticky Flame                   Conjuration/Fire             4
   f - Fireball                       Conjuration/Fire             5
 j - a book of Burglary

   Spells                             Type                      Level
   a - Swiftness                      Charms/Air                   2
   b - Passwall                       Transmutation/Earth          3
   c - Passage of Golubria            Translocation                4
   d - Lee's Rapid Deconstruction     Earth                        5
   e - Invisibility                   Hexes                        6
   f - Darkness                       Hexes                        7
 o - a book of Minor Magic

   Spells                             Type                      Level
   a - Magic Dart                     Conjuration                  1
   b - Blink                          Translocation                2
   c - Call Imp                       Summoning                    2
   d - Repel Missiles                 Charms/Air                   2
   e - Slow                           Hexes                        2
   f - Conjure Flame                  Conjuration/Fire             3
   g - Mephitic Cloud                 Conjuration/Poison/Air       3
 q - a book of Envenomations

   Spells                             Type                      Level
   a - Spider Form                    Transmutation/Poison         3
   b - Alistair's Intoxication        Transmutation/Poison         4
   c - Olgreb's Toxic Radiance        Poison                       4
   d - Poisonous Cloud                Conjuration/Poison/Air       6
Comestibles
 w - 4 bread rations


   Skills:
 + Level 5.6 Fighting
 * Level 8.5 Axes
 * Level 8.3 Armour
 + Level 2.5 Dodging
 + Level 3.8 Stealth
 * Level 7.7 Shields
 - Level 4.0 Spellcasting
 - Level 4.0 Transmutations
 - Level 4.0 Poison Magic
 * Level 4.0 Invocations
 + Level 3.7 Evocations


You had 15 spell levels left.
You knew the following spells:

 Your Spells              Type           Power        Failure   Level  Hunger
a - Spider Form           Trmt/Pois      ##........   24%         3    ###....


Dungeon Overview and Level Annotations

Branches:
Dungeon (9/15)             Temple (1/1) D:7
   Lair: D:8-11         Orc: D:9-12

Altars:
Ashenzari
Dithmenos
Fedhas
Gozag
Kikubaaqudgha
Nemelex Xobeh
Okawaru
Ru
Sif Muna
Yredelemnul
Zin

Shops:
D:7 ?


Innate Abilities, Weirdness & Mutations

You are under a permanent stasis effect.
You can dig through walls and to a lower floor.
Your four strong arms can wield two-handed weapons with a shield.
You have a pair of large antennae on your head (SInv).


Message History

The five-headed hydra is almost dead.
This wand has 2 charges left.
The five-headed hydra bites you.
* * * LOW HITPOINT WARNING * * *
You block the five-headed hydra's attack.
The five-headed hydra misses you.
The five-headed hydra bites you but does no damage.
You block the five-headed hydra's attack.
You feel much better. The five-headed hydra bites you!
The five-headed hydra bites you.
You block the five-headed hydra's attack.
The five-headed hydra bites you.
* * * LOW HITPOINT WARNING * * *
The five-headed hydra bites you!
* * * LOW HITPOINT WARNING * * *
The crimson imp hits you but does no damage.
You feel protected. The five-headed hydra bites you!
* * * LOW HITPOINT WARNING * * *
The five-headed hydra bites you.
You die...

........................... ..
........†)..............##'
..######....######.......####..
..D{..)#.........#.......#....#
#...{..#.........#.......#....#
#...§{.#.........#......##....#
.......#.........#......#.....#
..#....#......5..#.....##.....#
.............D@...............#
....##.................#......#
. #.................#......#
....................########
#....#....######.............
................#.............
........##......#.......>.....
........##......#.............
............#...[#####....


You could see a five-headed hydra and a crimson imp.

Vanquished Creatures
  A hill giant (D:9)
  Maurice (D:8)
  A two-headed ogre (D:8)
  A trapdoor spider zombie (D:9)
  A wyvern (D:8)
  A spriggan (D:8)
  Menkaure (D:7)
  A water moccasin (D:9)
  A phantom (D:4)
  The ghost of agentgt the Ruffian, an average HOMo (D:4)
  3 orc warriors
  A sky beast (D:8)
  4 ogres
  5 centaurs
  10 big kobolds (D:8)
  8 giant frogs
  A gnoll sergeant (D:6)
  5 scorpions
  A killer bee (D:9)
  A wasp zombie (D:8)
  4 orc priests
  7 hounds
  2 jellies
  6 crimson imps
  A quasit (D:8)
  Crazy Yiuf (D:2)
  A giant frog skeleton (D:6)
  4 worker ants
  6 orc wizards
  A gnoll shaman (D:7)
  5 iguanas
  15 adders
  7 gnolls
  4 shadow imps
  An adder skeleton (D:5)
  4 worms
  26 orcs
  13 bats
  2 bat skeletons (D:7)
  2 bat zombies
  10 goblins
  16 hobgoblins
  20 kobolds
  A ball python (D:3)
  6 giant cockroaches
  2 giant geckos
  7 giant newts
  15 jackals
  5 quokkas
  12 rats
255 creatures vanquished.

Notes
Turn   | Place    | Note
--------------------------------------------------------------
     0 | D:1      | Cryogen the Formicid Fighter began the quest for the Orb.
     0 | D:1      | Reached XP level 1. HP: 18/18 MP: 1/1
   166 | D:1      | Reached XP level 2. HP: 17/24 MP: 2/2
   804 | D:1      | Reached XP level 3. HP: 26/29 MP: 3/3
  1090 | D:2      | Found a sacrificial altar of Ru.
  1351 | D:2      | Reached XP level 4. HP: 32/35 MP: 4/4
  1353 | D:2      | Reached skill level 4 in Armour
  2042 | D:2      | Noticed Crazy Yiuf
  2049 | D:2      | Killed Crazy Yiuf
  2049 | D:2      | Reached XP level 5. HP: 39/41 MP: 5/5
  2352 | D:3      | Learned a level 3 spell: Spider Form
  2461 | D:3      | Found a deep blue altar of Sif Muna.
  2645 | D:3      | Found a shadowy altar of Dithmenos.
  2987 | D:4      | Reached skill level 1 in Poison Magic
  3155 | D:4      | Noticed an ogre
  3178 | D:3      | Killed an ogre
  3178 | D:3      | Reached skill level 1 in Spellcasting
  3178 | D:3      | Reached XP level 6. HP: 6/47 MP: 6/8
  3576 | D:4      | Reached skill level 5 in Axes
  3662 | D:4      | Noticed a phantom
  3692 | D:4      | Killed a phantom
  3692 | D:4      | Reached XP level 7. HP: 23/52 MP: 9/11
  3693 | D:4      | Noticed agentgt's ghost (average HOMo)
  3700 | D:4      | Killed agentgt's ghost
  3700 | D:4      | Reached skill level 5 in Armour
  4151 | D:5      | Entered Level 5 of the Dungeon
  4554 | D:5      | Reached skill level 1 in Transmutations
  4557 | D:5      | Reached XP level 8. HP: 55/58 MP: 13/13
  4582 | D:5      | Found an ancient bone altar of Kikubaaqudgha.
  4669 | D:5      | Reached skill level 6 in Axes
  5423 | D:6      | Found a blossoming altar of Fedhas.
  6305 | D:6      | Reached skill level 5 in Shields
  6305 | D:6      | Reached XP level 9. HP: 60/65 MP: 14/14
  6722 | D:7      | Found Wujip's Magic Scroll Shop.
  6744 | D:7      | Reached skill level 7 in Axes
  6886 | D:7      | Found a sparkling altar of Nemelex Xobeh.
  7001 | D:7      | Found a staircase to the Ecumenical Temple.
  7013 | Temple   | Entered the Ecumenical Temple
  7020 | Temple   | Became a worshipper of Zin the Law-Giver
  7020 | Temple   | Acquired Zin's first power
  7056 | D:7      | Noticed Menkaure
  7067 | D:7      | Killed Menkaure
  7469 | D:7      | Reached skill level 1 in Stealth
  7486 | D:7      | Got a faintly glowing cloak
  7497 | D:7      | Identified the +2 cloak "Dopnoin" {rElec MR+ MP-9 Stlth+} (You found it on level 7 of the Dungeon)
  7708 | D:7      | Reached skill level 1 in Evocations
  7873 | D:7      | Acquired Zin's second power
  8334 | D:8      | Noticed Maurice
  8416 | D:8      | Reached skill level 1 in Invocations
  8416 | D:8      | Reached XP level 10. HP: 49/73 MP: 6/15
  8693 | D:8      | Killed Maurice
  8693 | D:8      | Reached skill level 1 in Dodging
  8754 | D:8      | Reached skill level 5 in Fighting
  8780 | D:8      | Reached skill level 8 in Axes
  9586 | D:9      | Found a shattered altar of Ashenzari.
  9992 | D:9      | Noticed a hill giant
 10195 | D:9      | Noticed an unseen horror
 10316 | D:9      | Got a transparent rapier
 10746 | D:7      | Bought a scroll of enchant weapon for 105 gold pieces
 10747 | D:7      | Identified the +3 rapier "Fewe" {antimagic, rElec rC+ rN+ SInv} (You found it on level 9 of the Dungeon)
 10826 | D:9      | Reached XP level 11. HP: 67/80 MP: 8/17
 10979 | D:9      | Killed a hill giant
 11003 | D:9      | Noticed a five-headed hydra
 11022 | D:9      | HP: 2/80 [five-headed hydra (11)]
 11022 | D:9      | Slain by a five-headed hydra

Vault maps used:
D:1:      lightli_arrival_boilingwater, hex_tiny, minmay_surrounded
D:2:      kennysheep_goblin_castle, nicolae_ru_sacrificial_ziggurat,
          uniq_crazy_yiuf_cottage
D:3:      lemuel_crystal_altar, nicolae_dithmenos_through_a_glass_darkly
D:4:      first_bread
D:5:      old_standard_altar
D:6:      basic_altar, supply_closet_lemuel
D:7:      hangedman_cross_stitches, minmay_temple_entry_grid, serial_shops,
          shop_fountains, nemelex_diamond_rough_becter, uniq_menkaure
D:8:      special_room, the_bakery, minivault_27, uniq_maurice
D:9:      minmay_cut_squares, lemuel_crystal_altar, serial_shops,
          kennysheep_little_box, basic_altar, uniq_grum
Temple:   nicolae_temple_elliptical

Action                   |  1- 3 |  4- 6 |  7- 9 | 10-12 || total
-------------------------+-------+-------+-------+-------++-------
Melee: War axe           |   123 |   179 |   499 |   358 ||  1159
Invok: Recite            |       |       |       |    10 ||    10
       Vitalisation      |       |       |       |     6 ||     6
 Abil: Dig               |    22 |    25 |    23 |    12 ||    82
Evoke: Wand              |       |       |     5 |    10 ||    15
  Use: Potion            |       |     2 |     3 |    10 ||    15
       Scroll            |       |       |    12 |     3 ||    15
 Stab: Sleeping          |       |       |     2 |       ||     2
       Confused          |       |       |       |     1 ||     1
  Eat: Bread ration      |     1 |     2 |     1 |     2 ||     6
       Meat ration       |       |     1 |     2 |       ||     3
       Beef jerky        |       |     1 |     2 |     1 ||     4
